 Dungeon Sprint DCSS version 0.27-a0-1232-gc6a4cbde82 (webtiles) character file.

Game seed: 16408322801289578849

9609 night the Fencer (level 11, -6/84 HPs)
             Began as a Gargoyle Berserker on June 8, 2021.
             Was the Champion of Trog.
             Mangled by an orc knight
             ... wielding a +0 long sword
              (10 damage)
             ... in the Dungeon (Sprint IX: "|||||||||||||||||||||||||||||").
             The game lasted 00:06:55 (1214 turns).

night the Fencer (Gargoyle Berserker)               Turns: 1214, Time: 00:06:56

Health: -6/84      AC: 21    Str: 24    XL:     11   Next: 49%
Magic:  0/3        EV: 10    Int: 11    God:    Trog [******]
Gold:   22         SH:  0    Dex: 12    Spells: 10/10 levels left

rFire    . . .     SeeInvis .   w - +1 triple sword (antimagic)
rCold    . . .     Faith    .   (shield currently unavailable)
rNeg     + . .     Spirit   +   m - +1 scale mail
rPois    ∞         Reflect  .   y - +2 helmet
rElec    +         Harm     .   (no cloak)
rCorr    .         Rampage  .   k - +0 pair of gloves
Will     ++...     NoTele   +   l - +0 pair of boots
Stlth    ..........             r - amulet of guardian spirit
HPRegen  1.24/turn              n - +3 ring of dexterity
MPRegen  0.08/turn              o - +3 ring of intelligence

@: strong-willed, on berserk cooldown, regenerating, slowed, very slow
A: sickness immunity, AC +8, negative energy resistance 1, electricity
resistance, torment resistance 1, petrification resistance
a: Renounce Religion, Berserk, Trog's Hand, Brothers in Arms


You were in the Dungeon.
You worshipped Trog.
Trog was exalted by your worship.
You visited 1 branch You collected 22 gold pieces.

Inventory:

Hand Weapons
 a - a +0 falchion
 j - a +2 scimitar of flaming
 v - a +4 vorpal great sword
 w - a +1 antimagic triple sword (weapon)
 x - a +2 antimagic double sword
Missiles
 p - a curare-tipped dart
Armour
 k - a +0 pair of gloves (worn)
 l - a +0 pair of boots (worn)
 m - a +1 scale mail (worn)
 q - a +0 plate armour
 y - a +2 helmet (worn)
Jewellery
 n - a +3 ring of dexterity (left hand)
 o - a +3 ring of intelligence (right hand)
 r - an amulet of guardian spirit (around neck)
Wands
 i - a wand of acid (3)
Scrolls
 h - 4 scrolls of blinking
 s - a scroll of fog
 t - 3 scrolls of fear
Potions
 b - a potion of might
 c - a potion of invisibility
 d - 3 potions of heal wounds
 e - 5 potions of curing
 f - 4 potions of magic
 g - a potion of berserk rage
 z - a potion of ambrosia


   Skills:
 + Level 16.8 Fighting
 * Level 19.3 Long Blades
 + Level 4.8 Armour
 - Level 1.7 Dodging
 - Level 0.6 Evocations


You had 10 spell levels left.
You didn't know any spells.
Your spell library was empty.

Dungeon Overview and Level Annotations

Branches:
Dungeon (1/1)

Altars:
Cheibriados
Dithmenos
Elyvilon
Fedhas
Gozag
Hepliaklqana
Kikubaaqudgha
Makhleb
Nemelex Xobeh
Okawaru
Qazlal
Ru
Sif Muna
Trog
Uskayaw
Vehumet
Wu Jian
Xom
Yredelemnul
Zin
The Shining One
Beogh
Jiyva
Lugonu


Innate Abilities, Weirdness & Mutations

You are immune to sickness and miasma.
Your stone body is resilient. (AC +8)
You are immune to poison.
You resist negative energy. (rN+)
You are resistant to electric shocks. (rElec)
You are resistant to unholy torment.
You are immune to petrification.


Message History

* * * LOW HITPOINT WARNING * * *
You slice the orc priest!!
You feel the power of Trog in you as your rage grows.
You kill the orc priest!
Trog accepts your kill.
The orc priest mumbles some strange prayers to Beogh against you.
Beogh smites you!
* * * LOW HITPOINT WARNING * * *
You are too berserk!
Things that are here:
a +0 dagger; a +0 robe; 100 gold pieces You are too berserk!
You feel a strong urge to attack something.
You are no longer berserk.
You are exhausted.
You feel yourself slow down.
Items here: $ )) ††.
You feel much better.
You barely miss the orc knight.
The orc knight hits you but does no damage. x2
Aiming: Corrosive Bolt
Press: ? - help, Shift-Dir - straight line, f - orc knight
Aim: an orc knight, wielding a +0 long sword and wearing a +0 plate armour (71% to hit)
The bolt of acid hits the orc knight but does no damage.
The bolt of acid misses the orc priest.
The orc knight hits you with a +0 long sword!
You closely miss the orc knight. The orc knight barely misses you.
You slash the orc knight!
The orc knight is lightly wounded.
The orc knight hits you with a +0 long sword.
The orc knight hits you with a +0 long sword!
* * * LOW HITPOINT WARNING * * *
You slice the orc knight!!
The orc knight is severely wounded.
The orc priest no longer looks unusually strong.
The orc priest mumbles some strange prayers to Beogh against you.
Beogh smites you!
* * * LOW HITPOINT WARNING * * *
The orc knight hits you with a +0 long sword!
You die...

▓.▓.▓.▓.▓_▓
▓.▓.▓†▓.▓_▓
▓.▓.▓†▓.▓_▓
▓.▓.▓'▓.▓_▓
▓.▓.▓.▓.▓_▓
▓)▓.▓.▓.▓_▓
▓o▓.▓.▓.▓_▓
▓o▓.▓.▓.▓_▓
▓@▓.▓.▓.▓'▓
▓)▓.▓[▓.▓.▓
▓)▓.▓.▓.▓.▓
▓)▓.▓)▓.▓.▓
▓.▓.▓.▓.▓.▓
▓.▓.▓.▓.▓.▓
▓.▓.▓!▓.▓'▓
▓.▓.▓!▓.▓.▓
▓.▓.▓.▓.▓.▓


You could see an orc knight and an orc priest.

Vanquished Creatures
  3 two-headed ogres (D)
  3 lindwurms (D)
  An orc knight (D)
  An oklob plant (D)
  A cyclops (D)
  A manticore (D)
  2 black mambas (D)
  3 cane toads (D)
  A komodo dragon (D)
  A troll (D)
  A polar bear (D)
  A tyrant leech (D)
  A blink frog (D)
  A raiju (shapeshifter) (D)
  A slime creature (D)
  4 yaks (D)
  A wyvern (D)
  A basilisk (D)
  3 water moccasins (D)
  2 orc warriors (D)
  A kobold brigand (D)
  2 bullfrogs (D)
  A scorpion (D)
  3 orc priests (D)
  4 orc wizards (D)
  5 worms (D)
  2 orcs (D)
  A bat zombie (D)
  An endoplasm (D)
  A jackal (D)
  A ball python skeleton (D)
  A frilled lizard (D)
  2 kobolds (D)
  A rat (D)
59 creatures vanquished.

Notes
Turn   | Place    | Note
-------+----------+-------------------------------------------
     0 | D        | night the Gargoyle Berserker began the quest for the Orb.
     0 | D        | Reached XP level 1. HP: 14/14 MP: 1/1
     7 | D        | Reached skill level 3 in Long Blades
     9 | D        | Reached ** piety under Trog
    43 | D        | Noticed a water moccasin
    43 | D        | Noticed a scorpion
    60 | D        | Killed a scorpion
    61 | D        | Reached skill level 5 in Fighting
    61 | D        | Reached skill level 6 in Long Blades
    61 | D        | Reached XP level 2. HP: 13/22 MP: 2/2
    61 | D        | Reached XP level 3. HP: 16/27 MP: 3/3
    61 | D        | Reached XP level 4. HP: 19/32 MP: 4/4
    67 | D        | HP: 2/48 [water moccasin (7)]
    77 | D        | HP: 3/32 [water moccasin (6)]
    80 | D        | Killed a water moccasin
    80 | D        | Reached *** piety under Trog
    81 | D        | Reached skill level 8 in Long Blades
    81 | D        | Reached XP level 5. HP: 12/38 MP: 5/5
   322 | D        | Found a snail-covered altar of Cheibriados.
   322 | D        | Found a shadowy altar of Dithmenos.
   322 | D        | Found a white marble altar of Elyvilon.
   322 | D        | Found a blossoming altar of Fedhas.
   322 | D        | Found an opulent altar of Gozag.
   323 | D        | Found a hazy altar of Hepliaklqana.
   324 | D        | Found a viscous altar of Jiyva.
   325 | D        | Found an ancient bone altar of Kikubaaqudgha.
   326 | D        | Found a corrupted altar of Lugonu.
   327 | D        | Found a burning altar of Makhleb.
   328 | D        | Found a sparkling altar of Nemelex Xobeh.
   329 | D        | Found an iron altar of Okawaru.
   330 | D        | Found a stormy altar of Qazlal.
   331 | D        | Found a sacrificial altar of Ru.
   332 | D        | Found a shimmering blue altar of Sif Muna.
   333 | D        | Found a bloodstained altar of Trog.
   334 | D        | Found a hide-covered altar of Uskayaw.
   335 | D        | Found a radiant altar of Vehumet.
   336 | D        | Found an ornate altar of the Wu Jian Council.
   337 | D        | Found a shimmering altar of Xom.
   338 | D        | Found a basalt altar of Yredelemnul.
   339 | D        | Found a glowing silver altar of Zin.
   340 | D        | Found a glowing golden altar of the Shining One.
   388 | D        | Noticed a yak
   388 | D        | Noticed a two-headed ogre
   388 | D        | Noticed a troll
   388 | D        | Noticed a kobold brigand
   388 | D        | Noticed an orc warrior
   388 | D        | Noticed a yak
   391 | D        | Killed a yak
   392 | D        | Reached skill level 10 in Long Blades
   392 | D        | Reached XP level 6. HP: 45/45 MP: 6/6
   394 | D        | Killed an orc warrior
   394 | D        | Reached **** piety under Trog
   397 | D        | Reached skill level 11 in Long Blades
   397 | D        | Reached XP level 7. HP: 52/52 MP: 7/7
   399 | D        | Killed a troll
   400 | D        | Reached skill level 10 in Fighting
   400 | D        | Reached skill level 12 in Long Blades
   401 | D        | Killed a two-headed ogre
   402 | D        | Reached skill level 12 in Fighting
   402 | D        | Reached skill level 13 in Long Blades
   402 | D        | Reached XP level 8. HP: 60/60 MP: 8/8
   406 | D        | Killed a yak
   407 | D        | Reached skill level 14 in Long Blades
   443 | D        | Noticed a two-headed ogre
   443 | D        | Noticed a two-headed ogre
   443 | D        | Noticed a slime creature
   443 | D        | Noticed a cyclops
   443 | D        | Noticed a raiju
   443 | D        | Noticed a manticore
   447 | D        | Killed a manticore
   447 | D        | Reached ***** piety under Trog
   448 | D        | Reached XP level 9. HP: 40/67 MP: 9/9
   449 | D        | Killed a cyclops
   449 | D        | Received a gift from Trog
   450 | D        | Reached skill level 15 in Long Blades
   457 | D        | Killed a two-headed ogre
   458 | D        | Reached skill level 14 in Fighting
   458 | D        | Reached skill level 16 in Long Blades
   462 | D        | Killed a two-headed ogre
   463 | D        | Reached XP level 10. HP: 21/76 MP: 10/10
   749 | D        | Noticed a cane toad
   749 | D        | Noticed a cane toad
   750 | D        | Noticed a cane toad
   759 | D        | Killed a cane toad
   760 | D        | Reached skill level 17 in Long Blades
   761 | D        | Killed a cane toad
   766 | D        | Killed a cane toad
   776 | D        | Received a gift from Trog
   821 | D        | Noticed a black mamba
   821 | D        | Noticed a lindwurm
   821 | D        | Noticed an oklob plant
   823 | D        | Reached ****** piety under Trog
   825 | D        | Noticed a black mamba
   831 | D        | Killed an oklob plant
   833 | D        | Reached skill level 18 in Long Blades
   835 | D        | Killed a lindwurm
   836 | D        | Reached XP level 11. HP: 83/83 MP: 9/11
   839 | D        | Reached skill level 16 in Fighting
   990 | D        | Noticed a lindwurm
   990 | D        | Noticed a lindwurm
   996 | D        | Received a gift from Trog
  1002 | D        | Killed a lindwurm
  1010 | D        | Killed a lindwurm
  1011 | D        | Reached skill level 19 in Long Blades
  1014 | D        | Received a gift from Trog
  1167 | D        | Noticed an orc knight
  1174 | D        | Killed an orc knight
  1190 | D        | Received a gift from Trog
  1190 | D        | Noticed an orc knight
  1206 | D        | HP: 9/126 [orc priest/divine providence (11)]
  1214 | D        | HP: 4/84 [orc priest/divine providence (14)]
  1214 | D        | Mangled by an orc knight

Illustrated notes

Levels and vault maps discovered:
D:        linesprint [early_d, line_temple, items_1, d_10, items_2, lair_1,
          lair_end, items_3, orc_1, orc_end, items_4, d_15, swamp_1, shoals_1,
          snake_1, spider_1, d_20, vaults_1, items_5, swamp_end, shoals_end,
          snake_end, spider_end, vaults_end, d_27, items_6, zot_1, zot_end,
          crypt_end, forest_end, elf_end, slime_end, tomb_end, abyss_end,
          pan_hell_end]

Skill      XL: |  1  2  3  4  5  6  7  8  9 10 11 |
---------------+----------------------------------+-----
Long Blades    | 6 8 10 11 13 14 16 18 19 | 19.3
Fighting       | 5 7 8 9 12 14 15 16 | 16.8
Armour         | 4 |  4.8
Dodging        | |  1.7
Evocations     | |  0.6

Action                   |  1- 3 |  4- 6 |  7- 9 | 10-12 || total
-------------------------+-------+-------+-------+-------++-------
Melee: Falchion          |    18 |    20 |       |       ||    38
       Scimitar          |       |     5 |    21 |    22 ||    48
       Great sword       |       |       |       |    33 ||    33
       Triple sword      |       |       |       |    44 ||    44
Invok: Berserk           |     2 |     1 |       |     4 ||     7
       Trog's Hand       |     1 |       |     1 |     1 ||     3
Evoke: Wand              |       |       |     4 |     3 ||     7
  Use: Potion            |       |     3 |       |     1 ||     4
       Scroll            |       |       |       |     2 ||     2
Armor: Animal skin       |     2 |    10 |       |       ||    12
       Scale mail        |       |     2 |     6 |    31 ||    39
Dodge: Dodged            |    12 |    14 |     8 |    21 ||    55
       Rpst.: Falchion   |     5 |     2 |       |       ||     7
       Scimitar          |       |     1 |     1 |     1 ||     3
       Great sword       |       |       |       |     2 ||     2
       Triple sword      |       |       |       |     3 ||     3

Table legend: (Time is in decaauts)
 A = Elapsed time spent in this place.
 B = Non-inter-level travel time spent in this place.
 C = Inter-level travel time spent in this place.
 D = Time resting spent in this place.
 E = Time spent auto-exploring this place.
 F = Levels seen in this place.
 G = Mean time per level.
                   A        B        C        D        E       F      G
               +--------+--------+--------+--------+--------+-----+--------+
         Total |   1209 |   1209 |      0 |    630 |    173 |   1 | 1209.0 |
       Dungeon |   1209 |   1209 |      0 |    630 |    173 |   1 | 1209.0 |
               +--------+--------+--------+--------+--------+-----+--------+

Top non-repeatable levels by time:
       D: 1209 daAuts
